 Dungeon Crawl Stone Soup version 0.28-a0-1624-g820543e53a (webtiles) character file.

Game seed: 5011396233311630039

68 HallandMoats the Skirmisher (level 4, -3/40 HPs)
             Began as a Ghoul Fighter on Jan 24, 2022.
             Slain by Terence (10 damage)
             ... on level 2 of the Dungeon.
             The game lasted 00:01:24 (1569 turns).

HallandMoats the Skirmisher (Ghoul Fighter)         Turns: 1569, Time: 00:01:24

Health: -3/40      AC:  6    Str: 19    XL:     4   Next: 19%
Magic:  4/4        EV:  9    Int:  5    God:
Gold:   77         SH:  4    Dex:  8    Spells: 3/3 levels left

rFire   . . .      SeeInvis .   a - +0 trident
rCold   + . .      Faith    .   c - +0 buckler
rNeg    + + +      Spirit   .   b - +0 scale mail
rPois   ∞          Reflect  .   (no helmet)
rElec   .          Harm     .   (no cloak)
rCorr   .          Rampage  .   (no gloves)
Will    .....                   (no boots)
Stlth   ..........              (no amulet)
HPRegen 0.00/turn               f - ring of flight
MPRegen 0.09/turn               (no ring)

@: mighty, flying, inhibited regen
A: claws 1, cold resistance 1, negative energy resistance 3, inhibited
regeneration, torment resistance 2
a: no special abilities


You were on level 2 of the Dungeon.
You visited 1 branch of the dungeon, and saw 2 of its levels.

You collected 77 gold pieces.

Inventory:

Hand Weapons
 a - a +0 trident (weapon)
Armour
 b - a +0 scale mail (worn)
 c - a +0 buckler (worn)
Jewellery
 f - a ring of flight (left claw)
 i - a ring of willpower
Scrolls
 e - a scroll of amnesia {unknown}
 g - 2 scrolls of magic mapping {unknown}
 h - a scroll of identify {unknown}
 j - a scroll of enchant armour {unknown}


   Skills:
 * Level 3.9 Fighting
 * Level 2.3 Polearms
 + Level 2.8 Armour
 + Level 1.0 Dodging
 + Level 2.9 Shields
 * Level 1.7 Invocations


You had 3 spell levels left.
You didn't know any spells.
Your spell library was empty.

Dungeon Overview and Level Annotations

Branches:
Dungeon (2/15)

Altars:

Annotations:
D:2 Terence


Innate Abilities, Weirdness & Mutations

You thrive by killing the living.
You are immune to poison.
You have sharp fingernails.
Your flesh is cold resistant. (rC+)
You are immune to negative energy. (rN+++)
You do not regenerate when monsters are visible.
You are immune to unholy pain and torment.


Message History

The frilled lizard bites you but does no damage.
You closely miss the frilled lizard.
The frilled lizard bites you but does no damage.
You hit the frilled lizard.
You kill the frilled lizard!
No target in view!
No target in view!
No target in view!
No target in view!
No target in view!
You see here a frilled lizard corpse.
You see here a frilled lizard corpse.
Found an escape hatch in the ceiling.
Found 20 arrows.
Terence the Incautious comes into view.
He is wielding the +7 Throatcutter {drain, coup de grace}.
Terence shouts!
Terence is nearby!
You feel very mighty all of a sudden.
Found 30 stones.
You barely miss Terence.
Terence hits you with the +7 Throatcutter {drain, coup de grace}.
Terence hits you with the +7 Throatcutter {drain, coup de grace}!
You puncture Terence!
Terence is almost dead.
You block Terence's attack.
You barely miss Terence.
Terence is almost dead.
Terence hits you with the +7 Throatcutter {drain, coup de grace}!
You closely miss Terence.
Terence is almost dead.
You block Terence's attack.
You barely miss Terence.
Terence is almost dead.
Terence hits you with the +7 Throatcutter {drain, coup de grace}.
You closely miss Terence.
Terence is almost dead.
Terence hits you with the +7 Throatcutter {drain, coup de grace}!
* * * LOW HITPOINT WARNING * * *
Terence hits you with the +7 Throatcutter {drain, coup de grace}!
You die...

.##########........#
#.#...#.# .#
#......######)######.##.##.#
.#####.####.##
###............(.#
....##.......#
#......##.###.####
.##.##....#..###.#..#.##.
.......##...............
###.##.####..###.......#.#
....##.......# #.......# #
############## #@##......
#@##.##.... #.# .# .### #.#
#.. #.. #.# #(#


You could see Terence.

Vanquished Creatures
  3 adders
  2 worms (D:2)
  3 ball pythons
  3 endoplasms
  6 goblins
  3 hobgoblins (D:1)
  A quokka (D:2)
  5 bats
  3 frilled lizards
  A kobold (D:2)
  5 rats
35 creatures vanquished.

Notes
Turn   | Place    | Note
-------+----------+-------------------------------------------
     0 | D:1      | HallandMoats the Ghoul Fighter began the quest for the Orb.
     0 | D:1      | Reached XP level 1. HP: 19/19 MP: 0/0
   144 | D:1      | Reached XP level 2. HP: 24/26 MP: 1/1
   259 | D:1      | Reached skill level 1 in Invocations
   784 | D:1      | Reached XP level 3. HP: 7/31 MP: 2/2
  1324 | D:2      | Reached XP level 4. HP: 30/40 MP: 4/4
  1340 | D:2      | Reached skill level 1 in Dodging
  1560 | D:2      | Noticed Terence
  1569 | D:2      | Slain by Terence

Illustrated notes

Levels and vault maps discovered:
D:1:      arrival_zaba_pyramid, layout_loops_ring
D:2:      layout_loops_cross, corner_web_ring, uniq_terence

Skill      XL: |  1  2  3  4 |
---------------+-------------+-----
Polearms       | 2 |  2.3
Invocations    | 1 |  1.7
Dodging        | 1 |  1.0
Fighting       | |  3.9
Armour         | |  2.8
Shields        | |  2.9

Action                   |  1- 3 |  4- 6 || total
-------------------------+-------+-------++-------
Melee: Trident           |   124 |    29 ||   153
  Use: Potion            |       |     1 ||     1
Armor: Scale mail        |    50 |    12 ||    62
Dodge: Dodged            |    46 |    11 ||    57
Block: Buckler           |    13 |     3 ||    16

Table legend: (Time is in decaauts)
 A = Elapsed time spent in this place.
 B = Non-inter-level travel time spent in this place.
 C = Inter-level travel time spent in this place.
 D = Time resting spent in this place.
 E = Time spent auto-exploring this place.
 F = Levels seen in this place.
 G = Mean time per level.
                   A        B        C        D        E       F      G
               +--------+--------+--------+--------+--------+-----+--------+
         Total |   1605 |   1596 |      9 |    234 |   1072 |   2 |  802.5 |
       Dungeon |   1605 |   1596 |      9 |    234 |   1072 |   2 |  802.5 |
               +--------+--------+--------+--------+--------+-----+--------+

Top non-repeatable levels by time:
     D:1: 1017 daAuts
     D:2: 587 daAuts
